Map: El Dorado

Players

WeAreLegion

  • Race: Terran Terran
  • League: Silver
  • Spawn Location: 7:00

Xerus - Winner!

  • Race: Terran Terran
  • League: Silver
  • Spawn Location: 5:00

VOD

Have the link to the VOD?

Description

Time

  • Played on: Dec. 1, 2024, 11:54 a.m.
  • Length: 21:12
Show
View Real Time Build Order
Export as new Build Order

WeAreLegion Terran 

Build Orders: Reaper Expand 

Get SALT Encoding   

  12  0:00  SCV  
  13  0:13  SCV  
  14  0:20  Supply Depot  
  14  0:26  SCV  
  15  0:41  SCV  
  15  0:42  Barracks  
  16  0:46  Refinery  
  16  0:56  SCV  
  17  1:08  SCV  
  18  1:18  Refinery  
  18  1:20  SCV  
  19  1:32  Orbital Command  
  19  1:37  Reaper  
  20  1:57  Command Center  
  20  2:00  SCV  
  21  2:11  Supply Depot  
  21  2:21  SCV  
  22  2:30  Factory  
  22  2:33  SCV  
  23  2:42  Barracks Reactor  
  23  2:45  SCV  
  23  2:46  Barracks  
  24  2:57  SCV  
  25  3:09  SCV  
  25  3:11  Orbital Command  
  26  3:17  Starport  
  25  3:21  SCV  
  26  3:29  Marine  
  26  3:30  Marine  
  26  3:32  Factory Tech Lab  
  26  3:33  SCV  
  29  3:44  SCV  
  29  3:45  SCV, Engineering Bay  
  29  3:47  Marine  
  32  3:52  Barracks Tech Lab  
  32  3:55  Siege Tank  
  35  3:56  SCV  
  35  3:57  SCV, Medivac  
  39  4:05  Supply Depot  
  39  4:08  SCV  
  40  4:19  Missile Turret  
  40  4:22  Missile Turret  
  40  4:23  SCV x2  
  42  4:29  Supply Depot  
  42  4:32  Barracks  
  42  4:35  SCV  
  42  4:36  SCV  
  44  4:41  Marine x2  
  44  4:42  Marine  
  44  4:45  Refinery  
  47  4:48  SCV x2  
  47  4:50  Starport Tech Lab  
  52  4:55  Widow Mine  
  51  5:00  SCV  
  51  5:01  SCV  
  51  5:04  Marine x3  
  56  5:10  Stimpack  
  56  5:12  SCV  
  56  5:13  SCV  
  58  5:16  Siege Tank  
  61  5:21  Marine  
  61  5:23  Supply Depot, Marine  
  61  5:24  Marine  
  61  5:25  Supply Depot  
  61  5:26  SCV  
  62  5:31  Raven  
  60  5:39  Marine  
  51  6:18  Marine x4  
  50  6:35  Marine  
  50  6:36  Marine x2, Marauder  
  53  6:47  Widow Mine  
  53  6:53  Marine x3  
  55  6:58  Marauder  
  55  7:02  Missile Turret  
  55  7:04  Missile Turret  
  55  7:07  Missile Turret  
  55  7:11  Marine x3  
  58  7:19  Marauder, Command Center  
  60  7:29  Marine  
  61  7:34  Starport  
  61  7:35  Starport Reactor  
  61  7:41  Marauder  
  61  7:42  Cyclone  
  66  7:44  Supply Depot  
  66  7:45  Supply Depot  
  66  7:46  SCV  
  66  7:47  Marine  
  68  8:22  Marine x3, Refinery  
  68  8:24  Viking x2  
  63  8:54  Viking x2  
  66  9:07  SCV  
  67  9:17  Marine x3  
  67  9:18  Barracks Tech Lab  
  67  9:19  SCV  
  67  9:21  Widow Mine  
  73  9:31  SCV  
  73  9:32  Refinery  
  73  9:34  Marine  
  73  9:35  Marine x2  
  73  9:36  Refinery  
  77  9:44  SCV  
  78  9:52  Marine  
  78  9:53  Marine x2, Marauder  
  83  10:02  Viking  
  85  10:10  Marine x2  
  85  10:11  Marine  
  88  10:14  Marauder  
  90  10:28  Marine  
  80  10:29  Marauder  
  80  10:32  Marine  
  80  10:34  Siege Tank  
  87  10:35  Marine  
  88  10:43  Medivac  
  88  10:46  Marine  
  88  10:49  Marine  
  91  10:50  Marine  
  91  10:54  Marauder  
  95  11:03  Supply Depot  
  95  11:04  Marine  
  96  11:06  Widow Mine  
  96  11:07  Marine  
  96  11:08  Marauder  
  101  11:21  Marine  
  101  11:25  Marine, Marauder  
  104  11:26  Supply Depot  
  104  11:27  Widow Mine  
  104  11:29  Marauder  
  109  11:39  Marine  
  110  11:42  Command Center  
  110  11:44  Missile Turret  
  110  11:48  Siege Tank, Marine, Medivac x2  
  110  11:52  Supply Depot  
  118  11:57  Supply Depot  
  118  11:58  Marauder  
  118  11:59  Marine x2  
  122  12:06  Marauder  
  124  12:16  SCV  
  124  12:17  Marine x2  
  124  12:18  Orbital Command  
  124  12:19  Marine  
  128  12:26  Raven  
  128  12:27  Marine, Viking  
  133  12:32  Supply Depot  
  133  12:34  Supply Depot  
  133  12:37  SCV  
  133  12:38  Marine  
  133  12:41  Marine  
  136  12:49  SCV  
  137  12:57  Planetary Fortress  
  137  12:59  SCV  
  137  13:01  SCV  
  137  13:03  Marine  
  140  13:11  SCV  
  141  13:13  SCV  
  133  13:23  SCV  
  133  13:26  SCV  
  102  13:35  SCV  
  102  13:38  SCV  
  84  13:49  Viking x2  
  84  13:50  Viking  
  84  13:51  Marine x3  
  84  13:52  Marine  
  84  13:55  Missile Turret  
  94  13:58  Missile Turret  
  94  14:00  Missile Turret  
  94  14:01  Missile Turret x2  
  94  14:09  Marine x4  
  97  14:14  Missile Turret  
  97  14:15  Missile Turret  
  98  14:19  Viking  
  98  14:20  Viking  
  102  14:26  Widow Mine  
  102  14:27  Marine x4  
  108  14:41  Missile Turret x2  
  108  14:45  Marine x3  
  111  14:46  Marauder  
  111  14:49  Viking  
  111  14:50  Viking  
  117  14:57  Viking  
  117  14:59  SCV x3  
  122  15:02  Marine  
  122  15:03  Marine x2, Missile Turret  
  122  15:06  Marine  
  126  15:07  Armory  
  113  15:19  Missile Turret  
  113  15:20  Marine, Viking  
  113  15:21  Missile Turret x2, Marauder  
  103  15:50  Viking  
  105  16:28  Viking x2  
  105  16:30  Marine x2  
  105  16:31  Marine x2  
  113  16:48  Marine  
  113  16:49  Marauder x2  
  118  16:57  Refinery, Command Center  
  118  17:04  Marine  
  118  17:06  Marine  
  120  17:10  Marine, Marauder  
  123  17:22  Marine  
  124  17:24  Marine  
  124  17:28  Marine  
  126  17:32  Marauder  
  128  17:40  Marine  
  128  17:42  Marine  
  130  17:46  Marauder  
  132  17:52  Marine  
  132  17:58  Marine  
  134  17:59  Terran Ship Weapons Level 1  
  134  18:03  Terran Infantry Weapons Level 1  
  134  18:07  Marauder  
  134  18:11  Marauder  
  117  18:28  SCV  
  117  18:29  SCV x3  
  117  18:34  Marine x4  
  121  18:40  SCV  
  121  18:41  SCV x3  
  129  18:51  Marine  
  129  18:52  SCV, Marine, Missile Turret x2, Marauder x2  
  129  18:53  Orbital Command, SCV, Missile Turret  
  137  18:57  Viking x2  
  137  19:00  Viking  
  143  19:14  Marauder  
  143  19:16  Marine  
  143  19:17  Marine x2  
  148  19:27  Refinery  
  148  19:34  Orbital Command, Marine  
  148  19:35  Marauder x2  
  153  19:54  Medivac x3  
  153  19:56  Marauder  
  161  20:09  Marine x3  
  164  20:17  Marine  
  157  20:26  Marine  
  157  20:27  Marauder  
  126  20:35  Marine  
  127  20:36  Marauder, Viking  
  127  20:37  Viking x2  
  135  20:44  Marine  
  135  20:49  Marauder  
Show
View Real Time Build Order
Export as new Build Order

Xerus Terran - Winner!

Build Orders: 1/1/1 

Get SALT Encoding   

  12  0:08  Supply Depot  
  12  0:20  Refinery  
  12  0:31  Barracks  
  12  0:36  SCV  
  13  0:50  Refinery  
  13  0:51  SCV  
  14  1:03  SCV  
  15  1:21  Factory  
  15  1:24  SCV  
  16  1:36  SCV  
  17  1:43  Barracks Tech Lab  
  17  1:48  SCV  
  18  2:04  Starport  
  18  2:21  Orbital Command  
  18  2:29  Siege Tank  
  21  2:45  Fusion Core  
  21  3:27  SCV  
  21  3:32  Battlecruiser  
  28  3:39  SCV  
  29  3:49  Factory Tech Lab  
  29  3:52  Bunker  
  29  4:01  Supply Depot  
  29  4:10  Barracks Reactor  
  29  4:11  Weapon Refit  
  29  4:21  SCV  
  30  4:30  Engineering Bay  
  30  4:38  Supply Depot  
  30  4:41  Siege Tank  
  33  4:48  Marine  
  33  4:49  Marine  
  35  5:06  Marine  
  36  5:07  Marine  
  37  5:24  Marine  
  37  5:25  Marine  
  39  5:37  Battlecruiser  
  45  6:50  Command Center  
  45  7:29  Command Center  
  45  7:47  Command Center  
  45  7:51  Refinery  
  45  7:52  Refinery  
  45  8:00  SCV  
  46  8:07  Orbital Command  
  46  8:12  SCV  
  47  8:25  SCV  
  47  8:27  Starport  
  48  8:28  Refinery  
  48  8:30  Starport  
  48  8:32  Refinery  
  48  8:37  SCV  
  49  8:49  SCV  
  49  8:50  Orbital Command  
  50  8:59  Orbital Command  
  50  9:07  Refinery  
  50  9:10  SCV x2  
  50  9:16  Starport Tech Lab  
  52  9:22  SCV x2  
  54  9:34  SCV x2  
  56  9:39  Starport Tech Lab  
  56  9:40  Missile Turret  
  56  9:45  Missile Turret, Armory  
  56  9:46  SCV  
  56  9:47  SCV  
  56  9:49  Armory  
  58  10:07  Battlecruiser  
  58  10:09  Battlecruiser  
  70  10:20  Battlecruiser  
  76  10:35  Missile Turret  
  76  10:36  Missile Turret  
  76  10:38  Missile Turret  
  76  10:39  Missile Turret  
  76  10:46  Sensor Tower  
  76  10:59  Terran Ship Weapons Level 1  
  76  11:00  Terran Vehicle And Ship Armor Level 1  
  76  11:08  SCV x4  
  80  11:20  SCV x4  
  84  11:26  Battlecruiser  
  84  11:32  SCV x3  
  93  11:33  SCV  
  94  12:04  Battlecruiser  
  94  12:08  Battlecruiser  
  106  12:15  SCV x2  
  108  12:45  Command Center  
  108  12:52  Command Center  
  108  12:56  Command Center  
  108  13:01  Terran Ship Weapons Level 2  
  108  13:11  Terran Vehicle And Ship Armor Level 2  
  108  13:21  SCV x4  
  106  13:31  Battlecruiser  
  106  13:34  SCV x2  
  108  13:50  Sensor Tower  
  108  13:57  SCV x2, Battlecruiser  
  116  14:05  Refinery x2  
  116  14:06  Refinery  
  116  14:09  SCV  
  117  14:13  Orbital Command  
  117  14:15  Refinery  
  117  14:17  Orbital Command  
  117  14:18  Refinery  
  117  14:20  Orbital Command  
  123  14:31  Battlecruiser  
  123  14:38  Refinery  
  123  14:49  Refinery  
  123  14:50  Refinery  
  123  14:55  Starport  
  123  14:57  Starport  
  123  14:58  Starport  
  123  14:59  Starport  
  123  15:02  Starport  
  123  15:21  Battlecruiser  
  123  15:22  Battlecruiser  
  123  15:26  Terran Ship Weapons Level 3  
  135  15:34  Starport  
  135  15:35  Terran Vehicle And Ship Armor Level 3  
  135  15:36  Starport x2  
  135  15:37  Starport  
  135  15:40  Starport  
  135  15:41  Orbital Command  
  115  16:04  Starport Tech Lab x4  
  115  16:05  Starport Tech Lab  
  115  16:13  Starport  
  115  16:14  Starport Tech Lab  
  115  16:16  Starport  
  115  16:18  Starport Tech Lab  
  115  16:22  Starport Tech Lab  
  115  16:24  Starport Tech Lab  
  115  16:46  SCV  
  116  16:49  SCV  
  116  16:52  SCV  
  118  16:56  SCV  
  118  16:58  SCV  
  120  17:01  SCV  
  120  17:04  SCV  
  120  17:08  Starport Tech Lab x3, SCV  
  123  17:15  SCV  
  124  17:17  SCV  
  124  17:18  Battlecruiser  
  124  17:19  Battlecruiser  
  124  17:20  SCV, Battlecruiser  
  124  17:21  Battlecruiser  
  150  17:27  SCV  
  151  17:37  Supply Depot  
  151  17:38  Supply Depot  
  151  17:39  SCV  
  151  17:40  Supply Depot  
  151  17:43  Supply Depot  
  152  17:44  Supply Depot  
  152  17:51  SCV  
  153  17:59  Battlecruiser  
  153  18:00  Battlecruiser  
  153  18:01  Battlecruiser x2  
  153  18:04  SCV  
  178  18:13  Battlecruiser  
  178  19:26  Battlecruiser x3  
  193  20:13  Missile Turret  
  193  20:17  Missile Turret  
  193  20:23  Missile Turret  
  193  20:25  Missile Turret  
  189  20:33  Missile Turret  
  189  20:37  Bunker  
  188  20:44  Missile Turret  
Tags
 
Matchup
TvT
Race
Terran
Replay Pack
December
Spawn Locations
Close Positions
Add a new tag
Caveats
  • Supply blocks, unpowered buildings, or Contaminate may cause inaccurate times.
  • Supply counts are checked every 10 seconds.